 Dungeon Crawl Stone Soup version 0.23.2-33-g5129a83184 (webtiles) character file.

Game seed: 4451875154210736050

36 FishyPogo the Gusty (level 3, 0/26 HPs)
             Began as a Draconian Air Elementalist on July 23, 2019.
             Succumbed to an adder's poison
             ... on level 1 of the Dungeon.
             The game lasted 00:13:47 (1229 turns).

FishyPogo the Gusty (Draconian Air Elementalist)    Turns: 1229, Time: 00:13:48

Health: 0/26       AC:  5    Str: 10    XL:     3   Next: 19%
Magic:  1/6        EV: 11    Int: 15    God:
Gold:   33         SH:  3    Dex: 12    Spells: 5/6 levels left

rFire    . . .     SeeInvis .   g - +0 spear (curse)
rCold    . . .     Gourm    .   j - +0 buckler
rNeg     . . .     Faith    .   (armour unavailable)
rPois    .         Spirit   .   (helmet restricted)
rElec    .         Reflect  .   (no cloak)
rCorr    .         Harm     .   (no gloves)
MR       +....                  (no boots)
Stlth    ++........             (no amulet)
HPRegen  0.08/turn              c - ring of protection from magic
MPRegen  0.10/turn              (no ring)

@: lethally poisoned (0 -> -4)
A: unfitting armour, cold-blooded, AC +5
a: no special abilities


You were on level 1 of the Dungeon.
You were not hungry.

You visited 1 branch of the dungeon, and saw 2 of its levels.

You collected 33 gold pieces.

Inventory:

Hand Weapons
 a - a +0 short sword
 b - a +0 hunting sling
 g - a cursed +0 spear (weapon)
Missiles
 h - 51 stones (quivered)
Armour
 j - a +0 buckler (worn)
 k - a +0 large shield
Jewellery
 c - a ring of protection from magic (left hand)
Scrolls
 f - 2 scrolls of identify
 i - a scroll of enchant armour
Comestibles
 e - 4 rations


   Skills:
 + Level 0.2 Fighting
 + Level 0.5 Polearms
 + Level 1.9 Dodging
 + Level 2.0 Stealth
 + Level 0.3 Shields
 + Level 2.1 Spellcasting
 * Level 1.4 Conjurations
 + Level 3.6 Air Magic


You had 5 spell levels left.
You knew the following spells:

 Your Spells              Type           Power        Failure   Level  Hunger
a - Shock                 Conj/Air       #...         12%         1    #......

Your spell library contained the following spells:

 Spells                   Type           Power        Failure   Level  Hunger
 Swiftness                Chrm/Air       #.......     26%         2    ###....
 Static Discharge         Conj/Air       #.......     36%         3    ###....
 Airstrike                Air            ##........   63%         4    #####..
 Lightning Bolt           Conj/Air       #.........   98%         5    ######.


Dungeon Overview and Level Annotations

Branches:
Dungeon (2/15)

Altars:


Innate Abilities, Weirdness & Mutations

Your plain brown scales are hard. (AC +5)
You cannot fit into any form of body armour.
You are cold-blooded and may be slowed by cold attacks.


Message History

You have reached level 3!
Your experience leads to an increase in your attributes!
Increase (S)trength, (I)ntelligence, or (D)exterity?
You feel agile.
Your scales feel tougher.
The adder bites you.
* * * LOW HITPOINT WARNING * * *
You block the adder's attack.
You hit the adder.
The adder is heavily wounded.
* * * LOW HITPOINT WARNING * * *
You feel sick. The adder bites you.
* * * LOW HITPOINT WARNING * * *
The adder misses you.
As you read the scroll labeled DEKLOB RADUOTE, it crumbles to dust.
You feel strangely unstable.
It was a scroll of teleportation.
The adder barely misses you.
* * * LOW HITPOINT WARNING * * *
You feel sick.
Your surroundings suddenly seem different.
You die...

...................##.......#
#.......#.########.##.......#
#####.#.#.# #.####.#########
..........# #.# #.........#
..........########.## #.........#
♣♣..................# #.........#
♣.♣...............#.###.........#
.♣♣...............#..##.........#
..♣.....♣.♣.....@.##.##.........#
.♣♣....♣♣.♣♣.....###.##.........#
.P♣##♣♣♣♣..♣.....###.##......####
.♣.#♣♣♣P..P♣.....#...........#
....♣♣PPP.♣♣.....#...........#
....♣♣P.P♣♣♣.....#...........#
....♣P.P.♣ ###.####..#.......#
#...♣♣P.♣♣ #.## ##.#..)....#
#...♣P♣♣ ##.###.###)######


There were no monsters in sight!

Vanquished Creatures
  An adder (D:1)
  2 dart slugs (D:1)
  A leopard gecko (D:1)
  4 bats (D:1)
  3 giant cockroaches (D:1)
  3 hobgoblins (D:1)
  A frilled lizard (D:1)
  6 kobolds
  A rat (D:1)
22 creatures vanquished.

Notes
Turn   | Place    | Note
-------+----------+-------------------------------------------
     0 | D:1      | FishyPogo the Draconian Air Elementalist began the quest
                  | for the Orb.
     0 | D:1      | Reached XP level 1. HP: 14/14 MP: 3/3
   209 | D:1      | Reached XP level 2. HP: 17/20 MP: 0/5
  1223 | D:1      | Reached XP level 3. HP: 9/26 MP: 1/6
  1226 | D:1      | HP: 1/26 [poisoned by an adder]
  1229 | D:1      | Succumbed to an adder's poison

Skill      XL: |  1  2 |
---------------+-------+-----
Stealth        | 2 |  2.0
Fighting       | |  0.2
Polearms       | |  0.5
Dodging        | |  1.9
Shields        | |  0.3
Spellcasting   | |  2.1
Conjurations   | |  1.4
Air Magic      | |  3.6

Action                   || total
-------------------------++-------
Melee: Spear             ||    36
       Unarmed           ||     2
       Tailslap          ||     2
 Cast: Shock             ||    44
  Use: Scroll            ||     2
 Stab: Sleeping          ||     1
  Eat: Chunk             ||     2
Armor: Skin              ||    16
Dodge: Dodged            ||    29
Block: Buckler           ||     3
